AoeStats
← I am mad

MegaRandom

504909798Analyzed
4v4 RM · 25d ago on Sep 7, 2026· 80m 23s· 8 players
Game mode
Random Map
Map size
Large (8 player)
Population
200
Speed
Normal
Resources
Standard
Victory
Conquest
Starting age
Dark Age
Ending age
Imperial Age
RankedLock teamsTeams togetherTeam positionsShared explorationLock speedFull tech treeHidden civsTurbo modeCheats
Victory
Defeat
🇵🇾 Magyars · Paraguay
1187
+17
🇹🇷 Koreans · Türkiye
1155
+18
🇦🇷 Italians · Argentina
1113
+20
🇨🇦 Dravidians · Canada
1106
+20
🇺🇸 Burmese · United States
1232
-19
🇺🇸 Romans · United States
1201
-19
🇳🇿 Dravidians · New Zealand
1199
-19
🇲🇩 Khmer · Moldova
1192
-18
12345
0:51 Loom
11:50 Feudal Age
12:19 Double-Bit Axe
19:58 Castle Age
18:20 Stone Mining
18:36 Gold Mining
18:46 Horse Collar
20:49 Bow Saw
20:40 Heavy Plow
22:32 Fletching
24:31 Wheelbarrow
23:41 Town Watch
28:31 Hand Cart
29:09 Bodkin Arrow
30:36 Gold Shaft Mining
29:26 Crossbowman
33:23 Stone Shaft Mining
33:32 Thumb Ring
34:34 Forging
34:24 Scale Mail Armor
34:30 Scale Barding Armor
36:56 Imperial Age
34:48 Ballistics
34:08 Treadmill Crane
34:24 Murder Holes
35:35 Town Patrol
35:49 Fortified Wall
35:49 Masonry
36:41 Caravan
38:43 Two-Man Saw
37:46 Bracer
38:49 Chemistry
37:34 Arrowslits
37:22 Pikeman
38:38 Squires
38:24 Arson
37:59 Halberdier
39:37 Iron Casting
39:51 Arrowslits
40:37 Architecture
40:26 Light Cavalry
41:07 Husbandry
40:33 Elite Skirmisher
41:57 Conscription
42:27 Chain Mail Armor
42:55 Arbalester
44:17 Hussar
45:20 Eupseong
45:54 Plate Mail Armor
45:44 Chain Barding Armor
48:42 Heavy Cavalry Archer
49:55 Coinage
56:43 Cavalier
58:53 Heavy Rocket Cart
60:30 Banking
60:10 Guilds
61:07 Siege Engineers
75:15 Capped Ram
p0psicle
1:55 Loom
11:22 Feudal Age
14:31 Double-Bit Axe
14:49 Double-Bit Axe
15:04 Horse Collar
19:29 Castle Age
18:35 Gold Mining
20:16 Wheelbarrow
22:04 Fletching
22:59 Bow Saw
24:17 Bodkin Arrow
24:38 Town Watch
28:33 Padded Archer Armor
30:56 Ballistics
32:11 Thumb Ring
33:07 Leather Archer Armor
34:29 Caravan
37:08 Imperial Age
35:17 Fortified Wall
38:19 Bracer
38:49 Ring Archer Armor
39:22 Chemistry
38:22 Elite Elephant Archer
39:33 Masonry
41:14 Siege Elephant
javiervilla
8:01 Loom
10:38 Feudal Age
11:17 Double-Bit Axe
13:14 Town Watch
16:08 Castle Age
18:05 Fletching
18:33 Bow Saw
18:28 Horse Collar
28:56 Caravan
29:39 Heavy Plow
30:02 Silk Road
29:56 Town Watch
31:00 Wheelbarrow
31:36 Town Patrol
32:09 Hand Cart
32:19 Gold Mining
32:19 Stone Mining
35:48 Imperial Age
34:04 Bodkin Arrow
34:09 Padded Archer Armor
33:53 Treadmill Crane
35:50 Leather Archer Armor
35:59 Ballistics
37:02 Conscription
36:09 Elite Genoese Crossbowman
37:25 Crop Rotation
37:57 Two-Man Saw
37:00 Bracer
37:31 Ring Archer Armor
37:22 Thumb Ring
38:43 Chemistry
38:25 Ring Archer Armor
40:57 Fortified Wall
40:58 Masonry
56:33 Guilds
[LBA] Menokio
0:58 Loom
11:33 Feudal Age
15:24 Castle Age
13:19 Double-Bit Axe
25:43 Caravan
26:32 Fletching
26:43 Horse Collar
27:14 Bow Saw
31:59 Wheelbarrow
33:57 Imperial Age
31:29 Town Watch
32:56 Gold Mining
33:10 Heavy Plow
33:28 Hand Cart
33:37 Corvinian Army
33:48 Bodkin Arrow
34:34 Ballistics
34:50 Bracer
35:53 Town Patrol
36:06 Recurve Bow
36:29 Conscription
37:13 Chemistry
37:01 Thumb Ring
37:22 Parthian Tactics
36:30 Heavy Cavalry Archer
37:59 Padded Archer Armor
39:13 Leather Archer Armor
39:11 Masonry
38:23 Elite Magyar Huszar
39:39 Hoardings
38:35 Sappers
44:07 Ring Archer Armor
43:43 Scale Barding Armor
43:51 Bloodlines
43:42 Husbandry
43:14 Capped Ram
44:04 Light Cavalry
44:05 Cavalier
45:49 Paladin
45:50 Hussar
47:47 Crop Rotation
52:17 Chain Barding Armor
59:02 Two-Man Saw
70:07 Plate Barding Armor
69:33 Scale Mail Armor
71:55 Chain Mail Armor
I am mad
6:36 Loom
11:21 Feudal Age
13:48 Town Watch
13:47 Horse Collar
17:47 Castle Age
17:55 Gold Mining
18:42 Husbandry
18:53 Bloodlines
24:55 Wheelbarrow
24:59 Padded Archer Armor
33:19 Imperial Age
31:48 Hand Cart
33:11 Heavy Plow
34:32 Scale Barding Armor
34:28 Manipur Cavalry
35:18 Sanctity
34:32 Light Cavalry
35:35 Chain Barding Armor
35:09 Elite Arambai
36:18 Parthian Tactics
36:46 Ballistics
37:19 Plate Barding Armor
36:55 Forging
37:55 Hussar
39:17 Crop Rotation
38:50 Town Patrol
40:17 Iron Casting
40:37 Gold Shaft Mining
41:29 Conscription
43:51 Blast Furnace
47:30 Siege Engineers
48:24 Heavy Scorpion
49:15 Capped Ram
51:04 Chemistry
50:17 Masonry
49:41 Man-at-Arms
50:06 Gambesons
50:21 Squires
50:52 Scale Mail Armor
50:21 Long Swordsman
51:19 Two-Handed Swordsman
52:16 Chain Mail Armor
51:51 Arson
52:13 Champion
53:27 Plate Mail Armor
55:55 Caravan
60:54 Pikeman
65:45 Halberdier
I am vlad
11:13 Feudal Age
11:27 Loom
11:54 Horse Collar
16:27 Castle Age
16:13 Double-Bit Axe
21:21 Scale Barding Armor
21:28 Forging
22:43 Wheelbarrow
21:53 Town Watch
22:45 Husbandry
22:56 Bloodlines
23:08 Chain Barding Armor
22:44 Stone Mining
25:02 Iron Casting
29:42 Hand Cart
29:28 Town Patrol
30:17 Gold Mining
31:09 Stone Shaft Mining
32:15 Gold Shaft Mining
35:20 Imperial Age
36:15 Bow Saw
36:52 Double Crossbow
36:15 Heavy Scorpion
37:26 Ballistics
38:11 Chemistry
39:13 Siege Engineers
40:01 Conscription
40:29 Plate Barding Armor
40:55 Blast Furnace
39:46 Fletching
39:20 Elite Battle Elephant
41:11 Masonry
41:12 Fortified Wall
44:19 Caravan
46:09 Bodkin Arrow
48:15 Heavy Plow
56:51 Hoardings
56:49 Architecture
65:51 Scale Mail Armor
65:13 Light Cavalry
65:56 Bracer
65:54 Hussar
66:51 Chain Mail Armor
66:16 Pikeman
72:03 Bracer
71:26 Halberdier
I am bad
5:00 Loom
11:12 Feudal Age
11:20 Man-at-Arms
11:46 Horse Collar
11:54 Double-Bit Axe
19:14 Castle Age
21:50 Town Watch
21:33 Long Swordsman
22:16 Scale Mail Armor
22:30 Bow Saw
28:40 Wheelbarrow
29:54 Ballistics
35:41 Caravan
35:44 Gold Mining
35:44 Stone Mining
36:21 Heavy Plow
38:57 Imperial Age
36:45 Hand Cart
36:32 Town Patrol
36:53 Chain Mail Armor
36:48 Forging
36:44 Squires
36:05 Pikeman
39:05 Iron Casting
40:46 Blast Furnace
39:10 Legionary
40:28 Gold Shaft Mining
40:36 Heavy Scorpion
41:28 Siege Engineers
42:24 Chemistry
42:26 Conscription
42:13 Ballistas
42:43 Fortified Wall
44:04 Comitatenses
44:57 Coinage
45:11 Fletching
45:36 Masonry
46:56 Halberdier
50:19 Capped Ram
51:42 Architecture
54:10 Scale Barding Armor
53:59 Cavalier
55:04 Husbandry
55:18 Bloodlines
54:37 Siege Ram
56:44 Banking
Tulip
5:11 Loom
12:17 Feudal Age
16:35 Castle Age
14:47 Horse Collar
18:44 Double-Bit Axe
25:16 Wheelbarrow
24:55 Bow Saw
24:50 Heavy Plow
25:06 Stone Mining
29:01 Hand Cart
28:32 Town Watch
28:57 Scale Mail Armor
28:47 Fletching
28:57 Padded Archer Armor
29:07 Forging
31:46 Imperial Age
29:57 Pikeman
30:35 Bodkin Arrow
31:12 Ballistics
31:29 Chain Mail Armor
33:01 Plate Mail Armor
32:49 Bracer
32:22 Elite Skirmisher
34:00 Squires
33:46 Arson
33:27 Halberdier
34:28 Man-at-Arms
34:54 Gambesons
35:20 Forging
35:31 Caravan
35:14 Long Swordsman
37:07 Iron Casting
37:10 Wootz Steel
37:11 Conscription
36:46 Two-Handed Swordsman
39:44 Blast Furnace
39:28 Fortified Wall
39:48 Champion
41:35 Leather Archer Armor
43:58 Ring Archer Armor
45:44 Elite Elephant Archer
46:30 Thumb Ring
47:13 Guard Tower
49:09 Murder Holes
51:11 Chemistry
50:51 Scale Barding Armor
51:50 Light Cavalry
52:31 Husbandry
59:28 Medical Corps
62:58 Two-Man Saw
62:32 Chain Barding Armor
63:58 Bombard Tower
63:49 Masonry
64:11 Guilds
68:06 Coinage
75:49 Keep
75:00 Arrowslits
79:19 Banking
Connection lost

Rejoining the realm…

Still unreachable

The connection could not be restored.

Session expired

The server has moved on; the page needs a fresh start.